 Dungeon Crawl Stone Soup version 0.22-a0-430-g6609fc6 (webtiles) character file.

633 FastMan the Cutter (level 7, -1/32 (37) HPs)
             Began as a Spriggan Berserker on May 27, 2018.
             Was a Follower of Uskayaw.
             Killed by the fiery rage of Trog (19 damage)
             ... in a bailey.
             The game lasted 00:13:08 (7112 turns).

FastMan the Cutter (Spriggan Berserker)             Turns: 7112, Time: 00:13:08

HP:   -1/32 (37)    AC:  2    Str: 13    XL:     7   Next: 24%
MP:   8/8           EV: 20    Int: 11    God:    Uskayaw [*.....]
Gold: 341           SH:  0    Dex: 15    Spells: 6/6 levels left

rFire    . . .     SeeInvis +   a - +2 dagger (venom)
rCold    . . .     Gourm    .   (shield restricted)
rNeg     . . .     Faith    .   t - +0 animal skin
rPois    .         Spirit   .   (helmet restricted)
rElec    .         Reflect  .   (no cloak)
rCorr    .         Harm     .   (gloves unavailable)
MR       +....                  (boots unavailable)
Stlth    ++........             s - amulet of rage
HPRegen  0.10/turn              e - ring of loudness
MPRegen  0.11/turn              (no ring)

@: very quick
A: very small, unfitting armour, see invisible, herbivore, speed 3, slow
metabolism 2
a: Stomp, Renounce Religion, Evoke Berserk Rage


You were in a bailey.
You worshipped Uskayaw.
Uskayaw was noncommittal.
You were not hungry.

You visited 2 branches of the dungeon, and saw 8 of its levels.
You also visited: Bailey.

You collected 341 gold pieces.

Inventory:

Hand Weapons
 a - a +2 dagger of venom (weapon)
 b - a +0 hunting sling
 v - a +0 hand crossbow
Missiles
 d - 97 stones (quivered)
 h - 27 sling bullets
 w - 2 tomahawks
 D - 13 tomahawks of returning
Armour
 t - a +0 animal skin (worn)
Magical Staves
 B - an uncursed staff of wizardry
Jewellery
 e - a ring of loudness (left hand)
 s - an amulet of rage (around neck)
Wands
 o - a wand of digging (8) {@v1}
Scrolls
 f - 3 scrolls of remove curse {@r2}
 i - 2 scrolls of teleportation {@r3}
 j - a scroll of enchant armour
 k - a scroll of amnesia
 m - a scroll of enchant weapon
 y - a scroll of magic mapping {unknown}
 z - a scroll of holy word {unknown}
 C - a scroll of noise {unknown}
Potions
 g - 2 potions of curing {@q1}
 l - a potion of brilliance {@q6}
 n - a potion of might {@q4}
 p - a potion of heal wounds {@q2}
 q - a potion of agility {@q5}
 r - a potion of invisibility
 u - a potion of flight
 x - a potion of mutation
 A - a potion of resistance {unknown}
Comestibles
 c - 10 rations {@e1}


   Skills:
 + Level 4.0 Fighting
 * Level 7.3 Short Blades
 - Level 5.0 Dodging
 + Level 4.6 Stealth


You had 6 spell levels left.
You didn't know any spells.
Your spell library was empty.

Dungeon Overview and Level Annotations

Branches:
Dungeon (7/15)             Temple (1/1) D:5

Altars:
Ashenzari
Cheibriados
Dithmenos
Fedhas
Gozag
Hepliaklqana
Makhleb
Nemelex Xobeh
Okawaru
Qazlal
Ru
Sif Muna
Uskayaw
Vehumet
Yredelemnul
Zin
The Shining One

Shops:
D:6 (

Annotations:
D:4 exclusion: 2 upstairs


Innate Abilities, Weirdness & Mutations

You are very small and have problems with some larger weapons.
You are too small for most types of armour.
You have supernaturally acute eyesight. (SInv)
You are a herbivore.
You cover ground extremely quickly.
You need to consume almost no food.


Message History

The kobold is moderately wounded.
The kobold closely misses you.
You hit the kobold.
The kobold is poisoned.
The kobold is severely wounded.
You kill the kobold!
Things that are here:
4 tomahawks of returning; a kobold corpse You see here 3 tomahawks of returning.
D - 3 tomahawks of returning
D - 7 tomahawks of returning (gained 4)
You see here a kobold corpse.
D - 8 tomahawks of returning (gained 1)
D - 12 tomahawks of returning (gained 4)
D - 13 tomahawks of returning (gained 1)
You see here a kobold corpse.
You feel Trog's fiery rage upon you!
There is a sudden and violent explosion of flames!
The fireball engulfs you!
Ouch! That really hurt!
You die...

#####.........###
##...##.......##
##.....##.....##
##...8...##'''##...
##...................
#..........†.........
#..8).8.............8
#...)................
##...†@.####...####..
##....## g#####≈≈ #.
##...# [!8oo.8?)≈
###+# .........≈
..8...8..≈ .......


There were no monsters in sight!

Vanquished Creatures
  3 black bears
  A bullfrog (D:6)
  A crimson imp (D:6)
  A bullfrog zombie (D:6)
  A centaur zombie (D:6)
  3 hounds
  An orc priest (D:6)
  An orc wizard (D:5)
  A bullfrog skeleton (D:6)
  Ijyb (D:3)
  An iguana (D:5)
  2 worker ants
  A killer bee zombie (D:5)
  4 adders
  A shadow imp (D:5)
  An ooze (D:3)
  An adder skeleton (D:5)
  3 worms
  3 dart slugs
  3 leopard geckos
  14 orcs
  13 bats
  4 giant cockroaches
  10 goblins
  3 hobgoblins
  11 jackals
  5 quokkas
  2 frilled lizards (D:2)
  7 kobolds
  A quokka skeleton (D:5)
  5 rats
109 creatures vanquished.

Notes
Turn   | Place    | Note
-------+----------+-------------------------------------------
     0 | D:1      | FastMan the Spriggan Berserker began the quest for the Orb.
     0 | D:1      | Reached XP level 1. HP: 11/11 MP: 2/2
   211 | D:1      | Reached XP level 2. HP: 15/16 MP: 3/3
   546 | D:1      | Reached skill level 4 in Short Blades
   812 | D:2      | Reached skill level 5 in Dodging
   961 | D:2      | Reached XP level 3. HP: 18/19 MP: 4/4
  1342 | D:2      | Reached ** piety under Trog
  1343 | D:2      | Fell from the grace of Trog
  1715 | D:2      | Reached XP level 4. HP: 23/23 MP: 5/5
  1983 | D:3      | Noticed Ijyb
  2003 | D:3      | Killed Ijyb
  2003 | D:3      | Reached skill level 5 in Short Blades
  2607 | D:3      | Reached XP level 5. HP: 22/28 MP: 6/6
  2727 | D:3      | Noticed a polar bear
  2727 | D:3      | Noticed a black bear
  2727 | D:3      | Noticed a black bear
  2727 | D:3      | Noticed a black bear
  2727 | D:3      | Noticed a polar bear
  2727 | D:3      | Noticed a black bear
  2939 | D:4      | Killed a black bear
  3039 | D:4      | Noticed a black bear
  3039 | D:4      | Noticed a polar bear
  3039 | D:4      | Noticed a polar bear
  3039 | D:4      | Noticed a black bear
  3039 | D:4      | Noticed a black bear
  3062 | D:4      | HP: 1/28 [orc/stone (2)]
  3342 | D:3      | Killed a black bear
  3420 | D:4      | Reached skill level 1 in Stealth
  3428 | D:4      | Noticed a black bear
  3428 | D:4      | Noticed a polar bear
  3428 | D:4      | Noticed a black bear
  3428 | D:4      | Noticed a black bear
  3428 | D:4      | Noticed a polar bear
  3428 | D:4      | Noticed a polar bear
  3582 | D:5      | Entered Level 5 of the Dungeon
  3993 | D:5      | Reached skill level 6 in Short Blades
  4014 | D:5      | Reached XP level 6. HP: 28/32 MP: 7/7
  4293 | D:5      | Found a staircase to the Ecumenical Temple.
  4513 | D:5      | Found a snail-covered altar of Cheibriados.
  4783 | D:6      | Found Plog's Weapon Shoppe.
  5531 | D:6      | Reached skill level 7 in Short Blades
  5531 | D:6      | Reached XP level 7. HP: 33/37 MP: 8/8
  5794 | D:5      | Noticed a polar bear
  5794 | D:5      | Noticed a polar bear
  5794 | D:5      | Noticed a polar bear
  5794 | D:5      | Noticed a polar bear
  5794 | D:5      | Noticed a polar bear
  6488 | Temple   | Entered the Ecumenical Temple
  6840 | Temple   | Became a worshipper of Uskayaw the Reveler
  7038 | D:7      | Found a flagged portal.
  7060 | Bailey   | Entered a bailey
  7065 | Bailey   | Noticed an orc warlord
  7076 | Bailey   | Reached * piety under Uskayaw
  7112 | Bailey   | Killed by the fiery rage of Trog

Vault maps used:
D:1:      dpeg_arrival_fog
D:3:      uniq_crazy_yiuf_cottage, uniq_ijyb
D:4:      lemuel_doored_altar, first_ration
D:5:      temple_fountains, cheibrodos_worm_habitat
D:6:      serial_shops, shop
D:7:      chequers_temple_overflow_minitemple, enter_bailey_2
Temple:   eino_temple_scatter_basement
Bailey:   bailey_axe_bossmonster_kennysheep, bailey

Skill      XL: |  1  2  3  4  5  6  7 |
---------------+----------------------+-----
Short Blades   | 4 5 6 7 |  7.3
Dodging        | 5 |  5.0
Fighting       | 3 4 |  4.0
Stealth        | 2 4 |  4.6

Action                   |  1- 3 |  4- 6 |  7- 9 || total
-------------------------+-------+-------+-------++-------
Melee: Short sword       |    85 |       |       ||    85
       Dagger            |    45 |   264 |    81 ||   390
Throw: Stone             |     1 |       |       ||     1
Invok: Renounce Religion |     1 |       |       ||     1
  Use: Potion            |       |     4 |       ||     4
       Scroll            |       |    11 |     1 ||    12
 Stab: Sleeping          |     1 |       |     1 ||     2
  Eat: Ration            |       |     2 |       ||     2
Armor: Animal skin       |     6 |    20 |       ||    26
Dodge: Dodged            |   104 |   241 |    86 ||   431

Table legend:
 A = Spawn XP
 B = Non-spawn XP
 C = Spawn XP percentage of total XP
 D = Spawn monster count
 E = Non-spawn monster count
 F = Spawn count percentage of total count
 G = Total turns spent on level
                    A         B        C        D         E        F      G
               +---------+---------+-------+---------+---------+-------+---------
         Total |       0 |     905 |   0.0 |       0 |     106 |   0.0 |  7112
               +---------+---------+-------+---------+---------+-------+---------
           D:1 |       0 |      31 |   0.0 |       0 |      14 |   0.0 |   917
           D:2 |       0 |      69 |   0.0 |       0 |      25 |   0.0 |  1145
           D:3 |       0 |      99 |   0.0 |       0 |      21 |   0.0 |  1208
           D:4 |       0 |      80 |   0.0 |       0 |       3 |   0.0 |   312
           D:5 |       0 |     176 |   0.0 |       0 |      14 |   0.0 |  1598
           D:6 |       0 |     435 |   0.0 |       0 |      21 |   0.0 |  1488
           D:7 |       0 |       4 |   0.0 |       0 |       2 |   0.0 |    30
        Bailey |       0 |      11 |   0.0 |       0 |       6 |   0.0 |    52
               +---------+---------+-------+---------+---------+-------+---------
